 Dungeon Crawl Stone Soup version 0.23.1-37-gaa34b87 (webtiles) character file.

Game seed: 8051177231932380306

585 esteth the Basher (level 7, -6/52 HPs)
             Began as a Gnoll Wanderer on Mar 23, 2019.
             Mangled by a worker ant (7 damage)
             ... on level 5 of the Dungeon.
             The game lasted 00:06:35 (4600 turns).

esteth the Basher (Gnoll Wanderer)                  Turns: 4600, Time: 00:06:36

Health: -6/52      AC: -1    Str: 14    XL:     7   Next: 37%
Magic:  10/10      EV: 10    Int: 18    God:
Gold:   176        SH:  0    Dex: 13    Spells: 10/10 levels left

rFire    . . .     SeeInvis .   s - +6 club
rCold    . . .     Gourm    .   (no shield)
rNeg     . . .     Faith    .   n - +0 scale mail
rPois    .         Spirit   .   (no helmet)
rElec    .         Reflect  .   (no cloak)
rCorr    .         Harm     .   (no gloves)
MR       .....                  (no boots)
Stlth    +.........             (no amulet)
HPRegen  0.17/turn              (no ring)
MPRegen  0.12/turn              (no ring)

@: corroded
A: distributed training, fangs 1, strong nose
a: no special abilities


You were on level 5 of the Dungeon.
You were not hungry.

You visited 1 branch of the dungeon, and saw 5 of its levels.

You collected 176 gold pieces.

Inventory:

Hand Weapons
 a - a +2 mace
 b - a +0 hand crossbow
 s - a +6 club (weapon)
Missiles
 c - 23 bolts
Armour
 e - a +0 robe
 n - a +0 scale mail (worn)
Wands
 o - a wand of flame (17)
Scrolls
 g - 2 scrolls of noise {unknown}
 i - 2 scrolls of enchant armour {unknown}
 j - 3 scrolls of fear {unknown}
 k - 2 scrolls of amnesia {unknown}
 l - 2 scrolls of remove curse {unknown}
 r - 3 scrolls of identify {unknown}
 v - a scroll of teleportation {unknown}
Potions
 d - a potion of curing
 h - a potion of berserk rage
 p - 3 potions of might
 q - a potion of haste {unknown}
 t - 2 potions of mutation {unknown}
 u - a potion of agility {unknown}
Comestibles
 f - 13 rations
 m - 3 chunks of flesh


   Skills:
 + Level 3.5 Fighting
 + Level 2.4 Short Blades
 + Level 2.4 Long Blades
 + Level 2.4 Axes
 + Level 8.9 Maces & Flails
 + Level 2.4 Polearms
 + Level 2.4 Staves
 + Level 2.4 Slings
 + Level 2.4 Bows
 + Level 2.4 Crossbows
 + Level 2.4 Throwing
 + Level 2.4 Armour
 + Level 2.4 Dodging
 + Level 2.4 Stealth
 + Level 5.2 Shields
 + Level 2.4 Unarmed Combat
 + Level 2.4 Spellcasting
 + Level 2.0 Conjurations
 + Level 2.0 Hexes
 + Level 2.0 Charms
 + Level 2.0 Summonings
 + Level 2.0 Necromancy
 + Level 2.0 Translocations
 + Level 2.0 Transmutations
 + Level 2.0 Fire Magic
 + Level 2.0 Ice Magic
 + Level 4.3 Air Magic
 + Level 2.9 Earth Magic
 + Level 2.0 Poison Magic
 + Level 2.6 Invocations
 + Level 2.4 Evocations


You had 10 spell levels left.
You didn't know any spells.
Your spell library was empty.

Dungeon Overview and Level Annotations

Branches:
Dungeon (5/15)
 Temple: D:4-7

Altars:
Cheibriados
Hepliaklqana
Okawaru
Uskayaw
Vehumet
Wu Jian
The Shining One


Innate Abilities, Weirdness & Mutations

Your experience applies equally to all skills.
You have very sharp teeth.
Your uncanny sense of smell can sniff out nearby items.


Message History

You hit the phantom but do no damage.
The phantom is almost destroyed.
The phantom misses you.
You hit the phantom.
The phantom is almost destroyed.
The phantom hits you.
* * * LOW HITPOINT WARNING * * *
You hit the phantom but do no damage. Your bite misses the phantom.
The phantom is almost destroyed.
The phantom hits you!
* * * LOW HITPOINT WARNING * * *
A worker ant comes into view.
The crimson imp blinks!
The phantom blinks!
The worker ant twitches its antennae in your direction.
You hit the worker ant but do no damage.
The worker ant barely misses you.
You hit the worker ant but do no damage.
The phantom blinks!
The worker ant bites you!
You die...

...# .# ...# .#
.. #..# #.# ...
#..####..# $..#
#...#...# #..#
#.......# #..#
#.÷....#
#...####.....#
#...###@5?..##
#..<#a......#
#..............
#.÷............
#.........##...
#......#### #..
.......§..# #.
............
..............


You could see a worker ant and a crimson imp.

Vanquished Creatures
  A centaur (D:4)
  A water moccasin skeleton (D:4)
  2 howler monkeys
  A bullfrog zombie (D:5)
  A hound (D:5)
  A jelly (D:5)
  Terence (D:2)
  An iguana (D:4)
  A worker ant (D:4)
  A hound skeleton (D:4)
  Robin (D:2)
  3 gnolls (D:4)
  4 adders
  2 oozes (D:1)
  3 worms
  2 dart slugs (D:2)
  4 leopard geckos
  7 orcs
  4 bats
  5 giant cockroaches
  23 goblins
  6 hobgoblins
  6 jackals
  9 kobolds
  A quokka (D:3)
  3 ball pythons
  5 frilled lizards
  4 rats
103 creatures vanquished.

Notes
Turn   | Place    | Note
-------+----------+-------------------------------------------
     0 | D:1      | esteth the Gnoll Wanderer began the quest for the Orb.
     0 | D:1      | esteth set off with the following items: a +2 mace, a +0
                  | hand crossbow, 28 bolts, a potion of curing, a +0 robe, a
                  | ration
     0 | D:1      | Reached XP level 1. HP: 17/17 MP: 1/1
   266 | D:1      | Reached XP level 2. HP: 23/23 MP: 2/2
   433 | D:1      | Reached XP level 3. HP: 9/28 MP: 3/3
  1045 | D:2      | Reached skill level 1 in Invocations
  1193 | D:2      | Reached skill level 1 in Short Blades
  1193 | D:2      | Reached skill level 1 in Long Blades
  1193 | D:2      | Reached skill level 1 in Axes
  1193 | D:2      | Reached skill level 1 in Polearms
  1193 | D:2      | Reached skill level 1 in Staves
  1193 | D:2      | Reached skill level 1 in Slings
  1193 | D:2      | Reached skill level 1 in Bows
  1193 | D:2      | Reached skill level 1 in Crossbows
  1193 | D:2      | Reached skill level 1 in Throwing
  1193 | D:2      | Reached skill level 1 in Armour
  1193 | D:2      | Reached skill level 1 in Dodging
  1193 | D:2      | Reached skill level 1 in Stealth
  1193 | D:2      | Reached skill level 1 in Unarmed Combat
  1193 | D:2      | Reached skill level 1 in Spellcasting
  1193 | D:2      | Reached skill level 1 in Evocations
  1360 | D:2      | Reached XP level 4. HP: 29/34 MP: 5/5
  1422 | D:2      | Noticed Terence
  1440 | D:2      | Killed Terence
  1440 | D:2      | Reached skill level 1 in Conjurations
  1440 | D:2      | Reached skill level 1 in Hexes
  1440 | D:2      | Reached skill level 1 in Charms
  1440 | D:2      | Reached skill level 1 in Summonings
  1440 | D:2      | Reached skill level 1 in Necromancy
  1440 | D:2      | Reached skill level 1 in Translocations
  1440 | D:2      | Reached skill level 1 in Transmutations
  1440 | D:2      | Reached skill level 1 in Fire Magic
  1440 | D:2      | Reached skill level 1 in Ice Magic
  1440 | D:2      | Reached skill level 1 in Poison Magic
  1854 | D:2      | Found an ornate altar of the Wu Jian Council.
  1928 | D:2      | Found a hazy altar of Hepliaklqana.
  1929 | D:2      | Found a snail-covered altar of Cheibriados.
  1929 | D:2      | Found a hide-covered altar of Uskayaw.
  1937 | D:2      | Noticed Robin
  1955 | D:2      | Killed Robin
  1955 | D:2      | Reached XP level 5. HP: 18/40 MP: 6/6
  2188 | D:2      | Found an iron altar of Okawaru.
  2764 | D:3      | Found a radiant altar of Vehumet.
  2840 | D:4      | Noticed a centaur
  2862 | D:4      | Reached XP level 6. HP: 12/47 MP: 8/8
  2868 | D:4      | Reached skill level 5 in Shields
  3542 | D:4      | Found a glowing golden altar of the Shining One.
  3847 | D:4      | Reached XP level 7. HP: 30/52 MP: 10/10
  4548 | D:5      | Entered Level 5 of the Dungeon
  4596 | D:5      | HP: 1/52 [phantom (8)]
  4600 | D:5      | Mangled by a worker ant

Skill      XL: |  1  2  3  4  5  6  7 |
---------------+----------------------+-----
Earth Magic    | 2 |  2.9
Invocations    | 1 2 |  2.6
Short Blades   | 1 2 |  2.4
Long Blades    | 1 2 |  2.4
Axes           | 1 2 |  2.4
Polearms       | 1 2 |  2.4
Staves         | 1 2 |  2.4
Slings         | 1 2 |  2.4
Bows           | 1 2 |  2.4
Crossbows      | 1 2 |  2.4
Throwing       | 1 2 |  2.4
Armour         | 1 2 |  2.4
Dodging        | 1 2 |  2.4
Stealth        | 1 2 |  2.4
Unarmed Combat | 1 2 |  2.4
Spellcasting   | 1 2 |  2.4
Evocations     | 1 2 |  2.4
Conjurations   | 1 2 |  2.0
Hexes          | 1 2 |  2.0
Charms         | 1 2 |  2.0
Summonings     | 1 2 |  2.0
Necromancy     | 1 2 |  2.0
Translocations | 1 2 |  2.0
Transmutations | 1 2 |  2.0
Fire Magic     | 1 2 |  2.0
Ice Magic      | 1 2 |  2.0
Poison Magic   | 1 2 |  2.0
Fighting       | 3 |  3.5
Air Magic      | 4 |  4.3
Shields        | 5 |  5.2
Maces & Flails | |  8.9

Action                   |  1- 3 |  4- 6 |  7- 9 || total
-------------------------+-------+-------+-------++-------
Melee: Mace              |    84 |    36 |       ||   120
       Bite              |     5 |    16 |     5 ||    26
       Club              |       |   129 |    48 ||   177
 Fire: Hand crossbow     |       |    10 |       ||    10
  Use: Potion            |       |     5 |       ||     5
 Stab: Distracted        |     1 |       |       ||     1
       Sleeping          |     1 |       |       ||     1
  Eat: Chunk             |     1 |     8 |     3 ||    12
Armor: Robe              |    11 |       |       ||    11
       Scale mail        |       |    61 |     6 ||    67
Dodge: Dodged            |    48 |    72 |    20 ||   140
